 Dungeon Crawl Stone Soup version 0.31-a0-331-geda263fcf1 (webtiles) character file.

Game seed: 5685321810768972760

109 mopl the Chopper (level 4, -1/41 HPs)
             Began as a Hill Orc Fighter on July 19, 2023.
             Slain by Pikel
             ... wielding a +0 whip of electrocution
              (8 damage)
             ... on level 4 of the Dungeon.
             The game lasted 00:02:02 (1895 turns).

mopl the Chopper (Hill Orc Fighter)                 Turns: 1895, Time: 00:02:03

Health: -1/41      AC:  7    Str: 18    XL:     4   Next: 90%
Magic:  4/4        EV:  9    Int:  8    God:
Gold:   134        SH:  4    Dex: 12    Spells: 3/3 levels left

rFire   . . .        a - +0 war axe
rCold   . . .        c - +0 buckler
rNeg    . . .        b - +0 scale mail
rPois   .            (no helmet)
rElec   .            (no cloak)
rCorr   .            (no gloves)
SInv    .            (no boots)
Will    .....        (no amulet) Stlth
                     (no ring)
HPRegen 0.26/turn    (no ring)
MPRegen 0.09/turn

%: no passive effects
@: no status effects
A: no striking features
a: no special abilities


You were on level 4 of the Dungeon.
You visited 1 branch of the dungeon, and saw 4 of its levels.

You collected 134 gold pieces.

Inventory:

Hand Weapons
 a - a +0 war axe (weapon)
Missiles
 e - 4 boomerangs
Armour
 b - a +0 scale mail (worn)
 c - a +0 buckler (worn)
Scrolls
 j - a scroll of fog {unknown}
 k - a scroll of blinking {unknown}
 n - 3 scrolls of teleportation {unknown}
 p - a scroll of poison {unknown}
 q - 3 scrolls of noise {unknown}
 s - a scroll of amnesia {unknown}
 t - a scroll of enchant armour {unknown}
Potions
 d - 2 potions of might
 f - a potion of haste {unknown}
 g - a potion of degeneration {unknown}
 h - a potion of berserk rage {unknown}
 i - a potion of heal wounds {unknown}
 l - a potion of lignification {unknown}
 m - 2 potions of resistance {unknown}
 o - a potion of mutation {unknown}
 r - a potion of attraction {unknown}


   Skills:
 + Level 4.3 Fighting
 * Level 4.6 Axes
 + Level 3.9 Armour
 + Level 1.3 Dodging
 - Level 3.2 Shields


You had 3 spell levels left.
You didn't know any spells.
Your spell library contained the following spells:

 Spells                   Type           Power      Damage    Failure   Level
 Sandblast                Erth           0%         2d4       86%         1
 Summon Small Mammal      Summ           0%         N/A       86%         1
 Passwall                 Tmut/Erth      0%         N/A       95%         2
 Call Canine Familiar     Summ           0%         N/A       99%         3
 Inner Flame              Hex/Fire       0%         N/A       99%         3
 Stone Arrow              Conj/Erth      0%         3d7       99%         3
 Summon Guardian Golem    Hex/Summ       0%         N/A       99%         3
 Vhi's Electric Charge    Tloc/Air       0%         N/A       99%         3
 Flame Wave               Conj/Fire      0%         2d4       100%        4
 Sticky Flame             Conj/Fire      0%         2d3       100%        4
 Arcjolt                  Conj/Air       0%         1d10      100%        5
 Plasma Beam              Fire/Air       0%         2x1d10    100%        6


Dungeon Overview and Level Annotations

Branches:
Dungeon (4/15)
 Temple: D:4-7

Altars:
Xom

Shops:
D:1 :   D:3 (

Annotations:
D:4 Pikel


Message History

You are too injured to fight recklessly!
You are too injured to fight recklessly!
You are too injured to fight recklessly!
You are too injured to fight recklessly!
You closely miss Pikel.
Pikel is heavily wounded.
Pikel hits you with a +0 whip of electrocution.
You barely miss Pikel.
Pikel is heavily wounded.
You block Pikel's attack.
Pikel hits you with a +0 whip of electrocution.
You closely miss Pikel.
Pikel is heavily wounded.
Pikel hits you with a +0 whip of electrocution.
* * * LOW HITPOINT WARNING * * *
You barely miss Pikel.
Pikel is heavily wounded.
Pikel hits you with a +0 whip of electrocution.
* * * LOW HITPOINT WARNING * * *
You hit Pikel.
Pikel is severely wounded.
Pikel barely misses you. You block Pikel's attack.
You closely miss Pikel.
Pikel is severely wounded.
Pikel barely misses you.
You closely miss Pikel.
Pikel is severely wounded.
Pikel completely misses you.
You slash Pikel!
Pikel is almost dead.
Pikel closely misses you.
You closely miss Pikel.
Pikel is almost dead.
Pikel barely misses you.
Pikel hits you with a +0 whip of electrocution.
* * * LOW HITPOINT WARNING * * *
You hit Pikel but do no damage.
Pikel is almost dead.
Pikel hits you with a +0 whip of electrocution!
You die...

... .. ....#
..... . #.#.# #
... #.#5# <.#
....##.#5##...#
......>K5......
# #.g5#####....
#.#5K@.......
#.#####......
#. ####. ##


You could see Pikel, 2 lemures, a hobgoblin and a kobold.

Vanquished Creatures
  3 adders
  2 worms (D:3)
  6 orcs (D:3)
  5 ball pythons
  4 endoplasms
  7 giant cockroaches
  6 goblins
  6 hobgoblins
  4 jackals (D:3)
  3 quokkas
  6 bats
  7 frilled lizards
  4 kobolds
  3 rats
66 creatures vanquished.

Notes
Turn   | Place    | Note
-------+----------+-------------------------------------------
     0 | D:1      | mopl the Hill Orc Fighter began the quest for the Orb.
     0 | D:1      | Reached XP level 1. HP: 19/19 MP: 1/1
    39 | D:1      | Reached skill level 3 in Axes
    50 | D:1      | Reached XP level 2. HP: 20/27 MP: 2/2
   378 | D:1      | Reached XP level 3. HP: 31/33 MP: 3/3
   459 | D:1      | Reached skill level 4 in Fighting
   499 | D:1      | Found Nixku Qed's Book Shop.
   666 | D:2      | Found a shimmering altar of Xom.
   840 | D:2      | Reached skill level 1 in Dodging
  1067 | D:3      | Reached skill level 4 in Axes
  1074 | D:3      | Reached XP level 4. HP: 34/40 MP: 4/4
  1374 | D:3      | Found Mibyrih's Weapon Shoppe.
  1869 | D:4      | Noticed a lemure
  1870 | D:4      | Noticed a lemure
  1877 | D:4      | Noticed Pikel
  1883 | D:4      | Noticed a lemure
  1883 | D:4      | Noticed a lemure
  1895 | D:4      | Slain by Pikel

Illustrated notes

Levels and vault maps discovered:
D:1:      lemuel_arrival_tunnels, layout_rooms, serial_shops,
          nicolae_shop_hallway_stairs, hex_intersection
D:2:      layout_rooms, basic_altar, st_stairs_6, serial_park_tiny_2,
          nrook_uturn
D:3:      layout_basic, serial_corexii_hall, chequers_hall_statues_y,
          chequers_hall_statues_corner_a, serial_shops, nicolae_shop_scrapyard
D:4:      layout_basic, tgw_xom, serial_bayou_ford_a, minmay_misc_feat_x,
          minmay_snake_closets, uniq_pikel, uniq_ijyb, uniq_sigmund

Skill      XL: |  1  2  3 |
---------------+----------+-----
Axes           | 3 4 |  4.6
Fighting       | 4 |  4.3
Dodging        | 1 |  1.3
Armour         | |  3.9
Shields        | |  3.2

Action                     |  1- 3 |  4- 6 || total
---------------------------+-------+-------++-------
  Melee: War axe           |   105 |    63 ||   168
 Armour: Scale mail        |    58 |    17 ||    75
  Dodge: Dodged            |    66 |    27 ||    93
  Block: Buckler           |    19 |    10 ||    29

Table legend: (Time is in decaauts)
 A = Elapsed time spent in this place.
 B = Non-inter-level travel time spent in this place.
 C = Inter-level travel time spent in this place.
 D = Time resting spent in this place.
 E = Time spent auto-exploring this place.
 F = Levels seen in this place.
 G = Mean time per level.
                   A        B        C        D        E       F      G
               +--------+--------+--------+--------+--------+-----+--------+
         Total |   1950 |   1878 |     72 |      0 |   1468 |   4 |  487.5 |
       Dungeon |   1950 |   1878 |     72 |      0 |   1468 |   4 |  487.5 |
               +--------+--------+--------+--------+--------+-----+--------+

Top non-repeatable levels by time:
     D:3: 879 daAuts
     D:1: 627 daAuts
     D:2: 411 daAuts
     D:4: 31 daAuts
